 Dungeon Sprint DCSS version 0.14-a0-1844-g8283a67 (webtiles) character file.

105200 Caerthir the Ogreish Ballista (level 15, 0/206 HPs)
             Began as an Ogre Hunter on Jan 13, 2014.
             Was a High Priest of Okawaru.
             Slain by an emperor scorpion (9 damage)
             ... in the Dungeon (Sprint IX: "|||||||||||||||||||||||||||||").
             The game lasted 00:40:33 (9150 turns).

Caerthir the Ogreish Ballista (Ogre Hunter)         Turns: 9150, Time: 00:40:33

HP   0/206       AC 26     Str 26      XL: 15   Next: 52%
MP   4/15        EV 18     Int 13      God: Okawaru [*****.]
Gold 1093        SH  0     Dex 16      Spells:  0 memorised, 14 levels left

rFire  . . .     SeeInvis +     a - +7,+6 giant club
rCold  . . .     Clarity  .     F - +3 storm dragon armour
rNeg   . . .     Conserve .     (shield restricted)
rPois  .         rCorr    .     p - +0 wizard hat {Int+3}
rElec  +         rRot     .     D - +0 cloak
SustAb . .       Spirit   .     (gloves unavailable)
rMut   .         Warding  .     (boots unavailable)
Saprov + . .     NoTele   +     (no amulet)
                                e - +6 ring of dexterity
                                v - ring of see invisible

@: extremely poisoned, heroism, quite resistant to hostile enchantments,
extremely unstealthy
A: unfitting armour, fast metabolism 1, saprovore 1, screaming 1, tough skin 1
a: Heroism, Finesse, Renounce Religion
}: 2/15 runes: decaying, serpentine


You were in the Dungeon.
You worshipped Okawaru.
Okawaru was extremely pleased with you.
You were not hungry.

You visited 1 branch You collected 1907 gold pieces.
You spent 814 gold pieces at shops.

Inventory:

Hand weapons
 a - a +7,+6 giant club (weapon)
Missiles
 z - 2 tomahawks of returning (quivered)
Armour
 b - a +2 shield of positive energy
 c - the -5 robe of Misfortune {-Cast Contam *Tele EV-4 Str-2 Dex-2 Int-2 Stlth-- Curse, unknown}
   (Okawaru gifted it to you in the Dungeon)

   It affects your evasion (-4).
   It affects your strength (-2).
   It affects your intelligence (-2).
   It affects your dexterity (-2).
   It prevents spellcasting.
   It causes random teleportation.
   It may recurse itself when equipped.
   It causes magical contamination when unequipped.
   It makes you much less stealthy.
 p - a +0 wizard hat of intelligence (worn)
 D - a +0 cloak (worn)
 F - a +3 storm dragon armour (worn)
 H - a +0 cap of see invisible
Comestibles
 d - 11 meat rations
Scrolls
 k - a scroll of recharging
 l - 2 scrolls of fear
 m - a scroll of blinking
 n - 3 scrolls of remove curse
 o - 2 scrolls of amnesia
Jewellery
 e - a +6 ring of dexterity (right hand)
 f - an uncursed ring of wizardry
 r - a +2 ring of protection
 v - a ring of see invisible (left hand)
Potions
 g - 3 potions of heal wounds
 h - 4 potions of speed
 i - 4 potions of magic
 j - 2 potions of brilliance
 s - 3 potions of cure mutation
 u - a potion of might


   Skills:
 O Level 27 Fighting
 - Level 1.3(6.3) Maces & Flails
 O Level 27 Throwing
 + Level 17.3(22.3) Armour
 + Level 13.5(18.5) Dodging
 - Level 0.7(5.7) Stealth


You had 14 spell levels left.
You didn't know any spells.

Dungeon Overview and Level Annotations

Branches:
Dungeon (1/1)

Altars:
Ashenzari
Cheibriados
Elyvilon
Fedhas
Kikubaaqudgha
Makhleb
Nemelex Xobeh
Okawaru
Sif Muna
Trog
Vehumet
Xom
Yredelemnul
Zin
the Shining One

Shops:
D /%[[


Innate Abilities, Weirdness & Mutations

You are too large for most types of armour.
You have a fast metabolism.
You can tolerate rotten meat.
You have tough skin (AC +1).
You occasionally shout uncontrollably.


Message History

The tomahawk of returning returns to your pack!
* * * LOW HITPOINT WARNING * * *
You feel extremely sick. The emperor scorpion barely misses you.
The emperor scorpion completely misses you.
The emperor scorpion barely misses you.
Throwing (i - inventory):
z - 2 tomahawks of returning (quivered)
Press: ? - help, Shift-Dir - straight line, f/p - emperor scorpion
Aim: an emperor scorpion (almost dead)
You throw a tomahawk of returning.
The tomahawk of returning hits the emperor scorpion.
The emperor scorpion is almost dead.
The tomahawk of returning returns to your pack!
* * * LOW HITPOINT WARNING * * *
You feel extremely sick. The emperor scorpion stings you!
* * * LOW HITPOINT WARNING * * *
You are more poisoned.
The emperor scorpion poisons you! The emperor scorpion claws you!
You die...

[▓.▓.▓.▓)▓.▓)▓.♣.♣
[▓.▓.▓.▓)▓.▓)▓.♣.♣
[▓.▓.▓.▓)▓.▓.▓.♣.♣
[▓.▓.▓.▓.▓.▓.▓.♣.♣
[▓.▓.▓.▓.▓.▓.▓.♣.♣
[▓.▓.▓)▓.▓.▓[▓.♣.♣
.▓.▓.▓.▓.▓.▓[▓.♣.♣
.▓.▓.▓.▓)▓.▓[▓.♣.♣
.▓.▓.▓.▓.▓.▓[▓.♣@♣
.▓.▓'▓.▓.▓.▓[▓.▓s▓
.▓.▓)▓.▓'▓.▓[▓.▓s▓
(▓.▓.▓.▓)▓.▓.▓.▓.▓
.▓.▓)▓.▓.▓.▓.▓.▓%▓
.▓.▓.▓.▓)▓.▓.▓.▓%▓
.▓.▓.▓.▓)▓.▓.▓.▓.▓
(▓.▓.▓)▓(▓.▓.▓.▓(▓
'▓.▓.▓.▓)▓.▓.▓.▓(▓


You could see an emperor scorpion and a demonic crawler.

Vanquished Creatures
  Mara (D)
  Mennas (D)
  Xtahua (D)
  A fire giant (D)
  A ghost moth (D)
  Louise (D)
  A vault warden (D)
  3 emperor scorpions (D)
  5 stone giants (D)
  7 greater nagas (D)
  A yaktaur captain (D)
  A siren (D)
  A great orb of eyes (D)
  A fire dragon (D)
  Harold (D)
  An ice dragon (D)
  4 hydras (D)
  An alligator snapping turtle (D)
  3 ogre magi (D)
  4 death yaks (D)
  2 tengu warriors (D)
  4 centaur warriors (D)
  4 naga warriors (D)
  2 very ugly things (D)
  3 orc high priests (D)
  A catoblepas (D)
  An iron troll (D)
  A deep troll (D)
  6 swamp dragons (D)
  Erolcha (D)
  3 orc knights (D)
  A hill giant (D)
  A cyclops (D)
  4 orc sorcerers (D)
  A red wasp (D)
  2 griffons (D)
  2 wolf spiders (D)
  3 guardian serpents (D)
  4 black mambas (D)
  2 vault sentinels (D)
  An orange demon (D)
  A spiny frog (D)
  A vapour (D)
  A mermaid (D)
  2 demonic crawlers (D)
  A komodo dragon (D)
  2 naga magi (D)
  7 yaktaurs (D)
  A jumping spider (D)
  An orb spider (D)
  A blue devil (D)
  3 bog bodies (D)
  4 slime creatures (D)
  A snapping turtle (D)
  4 redbacks (D)
  3 trapdoor spiders (D)
  5 ugly things (D)
  4 yaks (D)
  Grum (D)
  2 wolves (D)
  2 vampire mosquitoes (D)
  2 hippogriffs (D)
  A manticore (D)
  3 merfolk (D)
  4 swamp drakes (D)
  A porcupine (D)
  9 orc warriors (D)
  2 nagas (D)
  3 orc zombies (D)
  A centaur (D)
  An ogre (D)
  2 big kobolds (D)
  2 giant slugs (D)
  A giant frog (D)
  2 water moccasins (D)
  2 agate snails (D)
  An insubstantial wisp (D)
  2 crimson imps (D)
  A goliath beetle (D)
  A jelly (D)
  A hound (D)
  3 orc priests (D)
  A spider (D)
  3 orc wizards (D)
  2 sheep (D)
  A giant mite (D)
  A giant eyeball (D)
  2 oozes (D)
  14 orcs (D)
  2 hobgoblins (D)
  A jackal (D)
  2 bats (D)
  A giant spore (D)
  A kobold (D)
  A kobold zombie (D)
  An orc skeleton (D)
  6 rats (D)
  A fungus (D)
  A plant (D)
222 creatures vanquished.

Vanquished Creatures (others)
  An ice beast (D)
  A worker ant (D)
2 creatures vanquished.

Grand Total: 224 creatures vanquished

Notes
Turn   | Place    | Note
--------------------------------------------------------------
     0 | D        | Caerthir, the Ogre Hunter, began the quest for the Orb.
     0 | D        | Reached XP level 1. HP: 22/22 MP: 1/1
    18 | D        | Noticed an ogre
    19 | D        | Reached XP level 2. HP: 25/29 MP: 2/2
    22 | D        | Killed an ogre
    22 | D        | Reached skill level 9 in Throwing
    22 | D        | Reached XP level 3. HP: 17/36 MP: 3/3
    22 | D        | Reached XP level 4. HP: 20/44 MP: 4/4
    32 | D        | Found a snail-covered altar of Cheibriados.
    32 | D        | Found a white marble altar of Elyvilon.
    32 | D        | Found an ancient bone altar of Kikubaaqudgha.
    32 | D        | Found a burning altar of Makhleb.
    32 | D        | Found a deep blue altar of Sif Muna.
    32 | D        | Found a blossoming altar of Fedhas.
    32 | D        | Found a glowing golden altar of the Shining One.
    33 | D        | Found a radiant altar of Vehumet.
    34 | D        | Found an iron altar of Okawaru.
    35 | D        | Found a bloodstained altar of Trog.
    36 | D        | Found a shattered altar of Ashenzari.
    37 | D        | Found a glowing silver altar of Zin.
    38 | D        | Found a basalt altar of Yredelemnul.
    39 | D        | Found a shimmering altar of Xom.
    40 | D        | Found a sparkling altar of Nemelex Xobeh.
    41 | D        | Found a radiant altar of Vehumet.
    42 | D        | Found an iron altar of Okawaru.
    43 | D        | Became a worshipper of Warmaster Okawaru
   116 | D        | Noticed an ice beast
   116 | D        | Noticed a worker ant
   117 | D        | Killed an ice beast
   117 | D        | Reached skill level 11 in Throwing
   117 | D        | Reached XP level 5. HP: 37/50 MP: 5/5
   117 | D        | Killed a worker ant
   128 | D        | Noticed a yak
   128 | D        | Noticed a cyclops
   128 | D        | Noticed a white ugly thing
   128 | D        | Noticed a centaur
   128 | D        | Noticed a manticore
   128 | D        | Noticed a crimson imp
   129 | D        | Killed a crimson imp
   131 | D        | Killed a centaur
   131 | D        | Reached skill level 13 in Throwing
   131 | D        | Reached XP level 6. HP: 31/59 MP: 6/6
   132 | D        | Killed a yak
   132 | D        | Acquired Okawaru's first power
   132 | D        | Reached skill level 14 in Throwing
   132 | D        | Killed a cyclops
   132 | D        | Reached skill level 16 in Throwing
   132 | D        | Reached XP level 7. HP: 23/66 MP: 7/7
   132 | D        | Killed a white ugly thing
   132 | D        | Reached skill level 17 in Throwing
   132 | D        | Reached XP level 8. HP: 25/74 MP: 8/8
   138 | D        | Killed a manticore
   472 | D        | Noticed a porcupine
   472 | D        | Noticed a giant frog
   472 | D        | Noticed a hippogriff
   472 | D        | Noticed a komodo dragon
   473 | D        | Killed a porcupine
   473 | D        | Reached skill level 18 in Throwing
   474 | D        | Killed a giant frog
   474 | D        | Killed a hippogriff
   475 | D        | Noticed an agate snail
   477 | D        | Killed a komodo dragon
   477 | D        | Reached skill level 19 in Throwing
   479 | D        | Noticed a water moccasin
   481 | D        | Killed a water moccasin
   481 | D        | Reached XP level 9. HP: 80/80 MP: 9/9
   488 | D        | Killed an agate snail
   505 | D        | Received a gift from Okawaru
   512 | D        | Noticed a hound
   512 | D        | Noticed an eight-headed hydra
   512 | D        | Noticed a hippogriff
   512 | D        | Noticed a water moccasin
   512 | D        | Noticed a giant slug
   513 | D        | Killed a hippogriff
   514 | D        | Noticed a spiny frog
   514 | D        | Killed a hound
   515 | D        | Killed an eight-headed hydra
   515 | D        | Reached skill level 20 in Throwing
   516 | D        | Noticed an agate snail
   516 | D        | Killed a giant slug
   516 | D        | Reached skill level 21 in Throwing
   517 | D        | Killed a water moccasin
   517 | D        | Killed a spiny frog
   520 | D        | Killed an agate snail
   533 | D        | Acquired Okawaru's second power
   539 | D        | Noticed a death yak
   539 | D        | Noticed a yak
   539 | D        | Noticed a yak
   539 | D        | Noticed a yak
   539 | D        | Noticed a death yak
   539 | D        | Noticed a catoblepas
   539 | D        | Noticed a death yak
   541 | D        | Killed a yak
   542 | D        | Killed a yak
   542 | D        | Reached XP level 10. HP: 39/88 MP: 7/10
   542 | D        | Killed a yak
   542 | D        | Reached skill level 22 in Throwing
   543 | D        | Noticed a death yak
   544 | D        | Killed a death yak
   544 | D        | Received a gift from Okawaru
   546 | D        | Killed a catoblepas
   546 | D        | Reached skill level 23 in Throwing
   546 | D        | Killed a death yak
   547 | D        | Killed a death yak
   547 | D        | Received a gift from Okawaru
   551 | D        | Killed a death yak
   551 | D        | Received a gift from Okawaru
   551 | D        | Reached skill level 24 in Throwing
   551 | D        | Reached XP level 11. HP: 15/96 MP: 8/11
   965 | D        | Noticed a wolf
   967 | D        | Killed a wolf
   968 | D        | Noticed a wolf
   969 | D        | Noticed Grum
   969 | D        | Killed a wolf
   974 | D        | Killed Grum
  1017 | D        | Noticed an orc priest
  1017 | D        | Noticed an orc priest
  1017 | D        | Noticed an orc priest
  1019 | D        | Killed an orc priest
  1019 | D        | Killed an orc priest
  1019 | D        | Received a gift from Okawaru
  1020 | D        | Killed an orc priest
  1021 | D        | Noticed an orc wizard
  1021 | D        | Killed an orc wizard
  1022 | D        | Noticed an orc wizard
  1022 | D        | Got a shimmering wizard hat {god gift}
  1025 | D        | Identified the +0 wizard hat "Qaevuqav" {+Inv Dex-4} (Okawaru gifted it to you in the Dungeon)
  1025 | D        | Killed an orc wizard
  1036 | D        | Noticed an orc warrior
  1038 | D        | Noticed an orc wizard
  1042 | D        | Killed an orc warrior
  1046 | D        | Killed an orc wizard
  1067 | D        | Noticed an orc warrior
  1067 | D        | Noticed an orc high priest
  1067 | D        | Noticed an orc warrior
  1067 | D        | Noticed an orc knight
  1067 | D        | Noticed an orc warrior
  1067 | D        | Noticed an orc warrior
  1067 | D        | Noticed an orc warrior
  1069 | D        | Killed an orc warrior
  1069 | D        | Killed an orc warrior
  1071 | D        | Killed an orc warrior
  1071 | D        | Killed an orc warrior
  1071 | D        | Reached skill level 25 in Throwing
  1071 | D        | Killed an orc warrior
  1072 | D        | Noticed an orc warrior
  1073 | D        | Killed an orc high priest
  1073 | D        | Killed an orc warrior
  1074 | D        | Killed an orc knight
  1076 | D        | Noticed an orc warrior
  1078 | D        | Killed an orc warrior
  1079 | D        | Noticed an orc warrior
  1087 | D        | Killed an orc warrior
  1221 | D        | Found Jagean's Magical Wand Emporium.
  1221 | D        | Noticed an orc sorcerer
  1221 | D        | Noticed an orc sorcerer
  1222 | D        | Killed an orc sorcerer
  1222 | D        | Killed an orc sorcerer
  1222 | D        | Reached skill level 26 in Throwing
  1223 | D        | Found Wuihuunt's Food Shoppe.
  1226 | D        | Found Mnioff's Armour Emporium.
  1228 | D        | Noticed an orc knight
  1233 | D        | Killed an orc knight
  1234 | D        | Noticed an orc sorcerer
  1237 | D        | Killed an orc sorcerer
  1243 | D        | Found Kloili's Antique Armour Shoppe.
  1244 | D        | Noticed an orc high priest
  1248 | D        | Noticed an orc high priest
  1252 | D        | Noticed an orc sorcerer
  1725 | D        | Noticed a soul eater
  1727 | D        | Noticed an ice devil
  1737 | D        | Gained mutation: You occasionally shout uncontrollably. [a neqoxec]
  1752 | D        | Killed an orc high priest
  1839 | D        | Noticed a sun demon
  1846 | D        | Killed an orc high priest
  1846 | D        | Reached skill level 27 in Throwing
  1875 | D        | Killed an orc sorcerer
  1875 | D        | Reached skill level 5 in Fighting
  2139 | D        | Bought a +0 swamp dragon armour for 720 gold pieces
  2154 | D        | Bought a shiny shield for 94 gold pieces
  2219 | D        | Noticed Harold
  2225 | D        | Killed Harold
  2225 | D        | Reached XP level 12. HP: 113/122 MP: 12/12
  2334 | D        | Noticed a giant slug
  2334 | D        | Noticed a big kobold
  2334 | D        | Noticed a griffon
  2334 | D        | Noticed a big kobold
  2334 | D        | Noticed an eight-headed hydra
  2334 | D        | Noticed a jelly
  2337 | D        | Killed a big kobold
  2337 | D        | Killed a jelly
  2338 | D        | Noticed a crimson imp
  2338 | D        | Killed a giant slug
  2338 | D        | Killed a big kobold
  2338 | D        | Killed a griffon
  2338 | D        | Received a gift from Okawaru
  2338 | D        | Reached skill level 10 in Fighting
  2338 | D        | Killed an eight-headed hydra
  2341 | D        | Noticed a centaur warrior
  2344 | D        | Killed a crimson imp
  2346 | D        | Noticed a trapdoor spider
  2347 | D        | Noticed an ogre mage
  2347 | D        | Killed a centaur warrior
  2348 | D        | Killed a trapdoor spider
  2350 | D        | Killed an ogre mage
  2351 | D        | Noticed a stone giant
  2361 | D        | Killed a stone giant
  2361 | D        | Reached skill level 15 in Fighting
  2545 | D        | Noticed a yaktaur
  2549 | D        | Noticed a slime creature
  2551 | D        | Killed a yaktaur
  2552 | D        | Noticed a tengu warrior
  2561 | D        | Killed a slime creature
  2564 | D        | Paralysed by a giant eyeball for 3 turns
  2569 | D        | Killed a tengu warrior
  2569 | D        | Paralysed by a giant eyeball for 4 turns
  2842 | D        | Noticed a brown very ugly thing
  2842 | D        | Noticed a vampire mosquito
  2842 | D        | Noticed a bog body
  2842 | D        | Noticed a bog body
  2842 | D        | Noticed an insubstantial wisp
  2843 | D        | Killed an insubstantial wisp
  2844 | D        | Noticed a vampire mosquito
  2844 | D        | Killed a vampire mosquito
  2844 | D        | Killed a vampire mosquito
  2845 | D        | Noticed a bog body
  2845 | D        | Killed a brown very ugly thing
  2845 | D        | Killed a bog body
  2845 | D        | Killed a bog body
  2846 | D        | Killed a bog body
  2863 | D        | Noticed a redback
  2863 | D        | Noticed a spider
  2863 | D        | Noticed an orb spider
  2863 | D        | Noticed a wolf spider
  2863 | D        | Noticed a red wasp
  2863 | D        | Noticed a redback
  2863 | D        | Noticed a jumping spider
  2864 | D        | Noticed a goliath beetle
  2865 | D        | Killed a spider
  2866 | D        | Killed a jumping spider
  2866 | D        | Killed an orb spider
  2867 | D        | Killed a redback
  2867 | D        | Killed a wolf spider
  2867 | D        | Killed a redback
  2868 | D        | Noticed a trapdoor spider
  2868 | D        | Killed a red wasp
  2868 | D        | Killed a goliath beetle
  2870 | D        | Killed a trapdoor spider
  2885 | D        | Noticed a guardian serpent
  2885 | D        | Noticed a black mamba
  2885 | D        | Noticed a black mamba
  2885 | D        | Noticed a naga mage
  2885 | D        | Noticed a black mamba
  2885 | D        | Noticed a naga warrior
  2885 | D        | Noticed a naga warrior
  2887 | D        | Killed a guardian serpent
  2888 | D        | Killed a black mamba
  2889 | D        | Noticed a guardian serpent
  2889 | D        | Killed a black mamba
  2889 | D        | Received a gift from Okawaru
  2890 | D        | Noticed a black mamba
  2890 | D        | Killed a black mamba
  2890 | D        | Killed a naga mage
  2890 | D        | Reached XP level 13. HP: 128/165 MP: 13/13
  2890 | D        | Killed a guardian serpent
  2891 | D        | Killed a naga warrior
  2891 | D        | Killed a black mamba
  2894 | D        | Killed a naga warrior
  3058 | D        | Noticed a mermaid
  3058 | D        | Noticed a merfolk
  3058 | D        | Noticed a merfolk
  3058 | D        | Noticed a siren
  3058 | D        | Noticed a snapping turtle
  3059 | D        | Noticed an alligator snapping turtle
  3060 | D        | Killed a mermaid
  3060 | D        | Reached skill level 1 in Armour
  3060 | D        | Killed a merfolk
  3061 | D        | Killed a merfolk
  3062 | D        | Noticed a merfolk
  3064 | D        | Killed a siren
  3064 | D        | Killed a merfolk
  3067 | D        | Killed a snapping turtle
  3093 | D        | Killed an alligator snapping turtle
  3158 | D        | Noticed Erolcha
  3163 | D        | Killed Erolcha
  3219 | D        | Noticed a red ugly thing
  3219 | D        | Noticed a slime creature
  3219 | D        | Noticed a slime creature
  3219 | D        | Noticed an ogre mage
  3219 | D        | Noticed a cyan ugly thing
  3219 | D        | Noticed a stone giant
  3219 | D        | Noticed a fire dragon
  3221 | D        | Noticed a stone giant
  3221 | D        | Killed a red ugly thing
  3222 | D        | Killed an ogre mage
  3222 | D        | Reached skill level 5 in Armour
  3223 | D        | Noticed a stone giant
  3223 | D        | Killed a cyan ugly thing
  3225 | D        | Noticed a tengu warrior
  3226 | D        | Killed a fire dragon
  3227 | D        | Killed a large slime creature
  3227 | D        | Killed a stone giant
  3227 | D        | Killed a stone giant
  3228 | D        | Killed a tengu warrior
  3233 | D        | Noticed an iron troll
  3234 | D        | Killed a stone giant
  3254 | D        | Killed an iron troll
  3259 | D        | Received a gift from Okawaru
  3260 | D        | Got a brightly glowing longbow {god gift}
  3783 | D        | Noticed a yaktaur
  3790 | D        | Noticed a yaktaur
  3790 | D        | Killed a yaktaur
  3798 | D        | Noticed a yaktaur
  3800 | D        | Killed a yaktaur
  3801 | D        | Noticed a yaktaur
  3804 | D        | Noticed a hill giant
  3806 | D        | Killed a yaktaur
  3811 | D        | Killed a yaktaur
  3819 | D        | Killed a hill giant
  3994 | D        | Noticed an ice dragon
  3996 | D        | Noticed a centaur warrior
  3997 | D        | Killed a centaur warrior
  4000 | D        | Killed an ice dragon
  4215 | D        | Noticed a yaktaur
  4215 | D        | Noticed a great orb of eyes
  4215 | D        | Noticed an ogre mage
  4215 | D        | Noticed a white ugly thing
  4215 | D        | Noticed a yaktaur
  4215 | D        | Noticed a centaur warrior
  4220 | D        | Noticed a slime creature
  4220 | D        | Killed a white ugly thing
  4221 | D        | Killed an ogre mage
  4221 | D        | Killed a yaktaur
  4222 | D        | Killed a yaktaur
  4222 | D        | Received a gift from Okawaru
  4222 | D        | Reached skill level 10 in Armour
  4223 | D        | Killed a centaur warrior
  4224 | D        | Noticed a trapdoor spider
  4224 | D        | Killed a great orb of eyes
  4224 | D        | Reached XP level 14. HP: 131/189 MP: 6/14
  4225 | D        | Got a silk robe {god gift}
  4227 | D        | Noticed an orc knight
  4228 | D        | Killed a slime creature
  4228 | D        | Killed a trapdoor spider
  4235 | D        | Noticed a vault sentinel
  4237 | D        | Killed an orc knight
  4247 | D        | Killed a vault sentinel
  4251 | D        | Noticed a slime creature
  4252 | D        | Killed a slime creature
  4254 | D        | Noticed a fire giant
  4256 | D        | Noticed a vault sentinel
  4265 | D        | Killed a vault sentinel
  4266 | D        | Noticed a purple ugly thing
  4458 | D        | HP: 8/189 [fire giant/fireball (40)]
  4460 | D        | Killed a fire giant
  4966 | D        | Noticed a yaktaur captain
  4977 | D        | Killed a yaktaur captain
  5152 | D        | Noticed a cyan very ugly thing
  5157 | D        | Killed a cyan very ugly thing
  5196 | D        | Killed a purple ugly thing
  5200 | D        | Noticed a griffon
  5204 | D        | Killed a griffon
  5215 | D        | Noticed a deep troll
  5217 | D        | Noticed a stone giant
  5217 | D        | Killed a deep troll
  5236 | D        | Killed a stone giant
  5335 | D        | Noticed a vault warden
  5716 | D        | Killed a vault warden
  5818 | D        | Noticed a centaur warrior
  5831 | D        | Killed a centaur warrior
  6311 | D        | Noticed Mara
  6315 | D        | Noticed Mennas
  6317 | D        | Noticed Caerthir's illusion
  6322 | D        | Killed Mara
  6339 | D        | Killed Mennas
  6339 | D        | Reached skill level 27 in Fighting
  6853 | D        | Noticed Louise
  6854 | D        | Noticed Xtahua
  6864 | D        | Killed Louise
  6864 | D        | Reached skill level 5 in Dodging
  6866 | D        | Killed Xtahua
  6866 | D        | Received a gift from Okawaru
  6904 | D        | Noticed a guardian serpent
  6904 | D        | Noticed a naga warrior
  6904 | D        | Noticed a greater naga
  6904 | D        | Noticed a greater naga
  6904 | D        | Noticed a naga mage
  6904 | D        | Noticed a greater naga
  6904 | D        | Noticed a greater naga
  6906 | D        | Noticed a naga
  6909 | D        | Killed a guardian serpent
  6910 | D        | Killed a naga
  6911 | D        | Noticed a naga
  6911 | D        | Killed a greater naga
  6911 | D        | Killed a greater naga
  6911 | D        | Killed a greater naga
  6911 | D        | Reached skill level 15 in Armour
  6912 | D        | Killed a greater naga
  6912 | D        | Received a gift from Okawaru
  6912 | D        | Reached XP level 15. HP: 116/206 MP: 13/15
  6912 | D        | Killed a naga warrior
  6912 | D        | Killed a naga mage
  6913 | D        | Noticed a naga warrior
  6915 | D        | Noticed a greater naga
  6919 | D        | Killed a naga
  6924 | D        | Killed a greater naga
  6924 | D        | Reached skill level 10 in Dodging
  6927 | D        | Killed a naga warrior
  6936 | D        | Noticed a greater naga
  6939 | D        | Noticed a greater naga
  6947 | D        | Killed a greater naga
  6958 | D        | Killed a greater naga
  7311 | D        | Got a serpentine rune of Zot
  7320 | D        | Noticed a swamp dragon
  7320 | D        | Noticed a swamp dragon
  7320 | D        | Noticed a swamp dragon
  7320 | D        | Noticed a swamp drake
  7320 | D        | Noticed a swamp drake
  7320 | D        | Noticed an eight-headed hydra
  7320 | D        | Noticed a vapour
  7323 | D        | Killed a vapour
  7324 | D        | Noticed a swamp dragon
  7324 | D        | Killed a swamp drake
  7324 | D        | Killed a swamp drake
  7325 | D        | Killed a swamp dragon
  7325 | D        | Killed a swamp dragon
  7326 | D        | Noticed a swamp dragon
  7326 | D        | Killed a swamp dragon
  7327 | D        | Killed an eight-headed hydra
  7328 | D        | Noticed a swamp drake
  7329 | D        | Killed a swamp dragon
  7329 | D        | Killed a swamp drake
  7333 | D        | Killed a swamp dragon
  7336 | D        | Noticed a swamp drake
  7337 | D        | Killed a swamp drake
  7338 | D        | Noticed an eight-headed hydra
  7340 | D        | Noticed a swamp dragon
  7344 | D        | Killed an eight-headed hydra
  7351 | D        | Killed a swamp dragon
  9114 | D        | Got a decaying rune of Zot
  9122 | D        | Noticed a wolf spider
  9122 | D        | Noticed an emperor scorpion
  9122 | D        | Noticed an emperor scorpion
  9122 | D        | Noticed an emperor scorpion
  9122 | D        | Noticed a redback
  9122 | D        | Noticed a demonic crawler
  9122 | D        | Noticed a ghost moth
  9125 | D        | Noticed a demonic crawler
  9126 | D        | Killed a redback
  9127 | D        | Noticed an emperor scorpion
  9127 | D        | Killed a wolf spider
  9129 | D        | Killed a demonic crawler
  9130 | D        | Killed a ghost moth
  9131 | D        | Noticed a redback
  9133 | D        | Killed an emperor scorpion
  9133 | D        | Killed an emperor scorpion
  9134 | D        | Noticed a demonic crawler
  9134 | D        | Killed a demonic crawler
  9134 | D        | Killed a redback
  9138 | D        | Killed an emperor scorpion
  9150 | D        | HP: 9/206 [emperor scorpion (8)]
  9150 | D        | Slain by an emperor scorpion

Action                   |  1- 3 |  4- 6 |  7- 9 | 10-12 | 13-15 || total
-------------------------+-------+-------+-------+-------+-------++-------
Melee: Giant club        |       |       |     2 |    40 |    55 ||    97
Throw: Large rock        |     6 |     5 |    21 |    70 |   158 ||   260
       Throwing net      |       |       |     2 |     4 |     7 ||    13
       Tomahawk          |       |       |       |    53 |    95 ||   148
       Dart              |       |       |       |    32 |    18 ||    50
Invok: Heroism           |       |       |     1 |     4 |    10 ||    15
       Finesse           |       |       |       |     1 |     3 ||     4
  Use: Scroll            |       |       |     5 |    11 |     8 ||    24
       Potion            |       |       |       |    12 |     6 ||    18
 Stab: Held in net/web   |       |       |     1 |       |       ||     1
